 Dungeon Crawl Stone Soup version 0.14.0-24-gfb45beb (webtiles) character file.

1085 staplegun the Cudgeler (level 8, -1/51 HPs)
             Began as a Gargoyle Berserker on Apr 23, 2014.
             Was a High Priest of Trog.
             Slain by an ice beast (14 damage)
             ... on Level 6 of the Dungeon.
             The game lasted 00:06:02 (4279 turns).

staplegun the Cudgeler (Gargoyle Berserker)         Turns: 4279, Time: 00:06:02

HP  -1/51        AC 21     Str 28      XL: 8   Next:  5%
MP   8/8         EV  8     Int  8      God: Trog [*****.]
Gold 206         SH  0     Dex  9      Spells:  0 memorised,  7 levels left

rFire  . . .     SeeInvis .     h - +2 whip (pain)
rCold  . . .     Clarity  .     L - +2 chain mail
rNeg   + . .     Conserve .     (no shield)
rPois  +         rCorr    .     r - +0 helmet
rElec  +         rRot     +     (no cloak)
SustAb . .       Spirit   .     i - +0 pair of gloves
rMut   .         Warding  .     B - +0 pair of boots {Stlth+}
Saprov . . .     Stasis   .     (no amulet)
MR     .....                    (no ring)
                                (no ring)

@: exhausted, mighty, slowed, very slow, not resistant to hostile enchantments,
extremely unstealthy
A: life protection 1, electricity resistance, unbreathing, petrification
resistance, AC +5
a: Burn Spellbooks, Berserk, Trog's Hand, Brothers in Arms, Renounce Religion


You were on level 6 of the Dungeon.
You worshipped Trog.
Trog was extremely pleased with you.
You were not hungry.

You visited 1 branch of the dungeon, and saw 6 of its levels.

You collected 206 gold pieces.

Inventory:

Hand weapons
 a - a +0,+0 mace
 h - a +2,+2 whip of pain (weapon)
Armour
 i - a +0 pair of gloves (worn)
 r - a +0 helmet (worn)
 B - a +0 pair of boots of stealth (worn)
 L - a +2 chain mail (worn)
Magical devices
 G - a wand of enslavement (9)
Comestibles
 c - 2 bread rations
 z - 9 strawberries
 F - an apple
 I - a pear
Scrolls
 b - a scroll of enchant armour {unknown}
 d - 3 scrolls of recharging {unknown}
 e - 3 scrolls of enchant weapon I
 f - 4 scrolls of identify
 j - 3 scrolls of fear {unknown}
 k - 2 scrolls of noise {unknown}
 l - a scroll of random uselessness {unknown}
 n - 3 scrolls of amnesia {unknown}
 p - 4 scrolls of teleportation {unknown}
 D - a scroll of blinking {unknown}
 J - a scroll of remove curse {unknown}
 K - a scroll of immolation {unknown}
Jewellery
 g - a +2 ring of protection {unknown}
 q - an uncursed amulet of warding {unknown}
 t - a +3 ring of evasion {unknown}
 y - an uncursed ring of positive energy {unknown}
 E - a cursed ring of hunger {unknown}
Potions
 m - a potion of might
 o - a potion of agility {unknown}
 u - a potion of poison {unknown}
 v - a potion of mutation {unknown}
 w - a potion of haste {unknown}
 C - a potion of degeneration {unknown}
 H - a potion of curing {unknown}
 M - a potion of brilliance {unknown}
 N - a potion of heal wounds {unknown}


   Skills:
 + Level 6.2 Fighting
 + Level 6.6 Maces & Flails
 + Level 6.0 Armour
 - Level 1.5 Dodging


You had 7 spell levels left.
You didn't know any spells.

Dungeon Overview and Level Annotations

Branches:
Dungeon (6/15)             Temple (0/1) D:6

Altars:
Dithmenos
Trog
Vehumet


Innate Abilities, Weirdness & Mutations

You are resistant to torment.
You are immune to poison.
You are immune to rotting.
Your stone body is very resilient (AC +5).
You resist negative energy.
You are resistant to electric shocks.
You can survive without breathing.
You are immune to petrification.


Message History

The ice beast completely misses you.
You hit the ice beast.
The ice beast is moderately wounded.
Your skin stops crawling.
You feel less resistant to hostile enchantments.
The ice beast hits you but does no damage.
You hit the ice beast.
The ice beast is moderately wounded.
The ice beast hits you but does no damage.
The ice beast barely misses you.
Your chain mail prevents you from hitting the ice beast.
The ice beast is moderately wounded.
The ice beast hits you but does no damage.
Drink which item? (? for menu, Esc to quit)
You feel very mighty all of a sudden.
It was a potion of might.
The ice beast hits you.
* * * LOW HITPOINT WARNING * * *
The ice beast freezes you!
One of your 2 murky silvery potions freezes and shatters!
You die...

.......# #§§§#.>.#≈≈≈#
......[# #§≈≈#...#§≈≈#
.......# #§≈≈##.##≈§≈#
.......# #≈§§≈#.#≈≈§§#
.......#####
#≈≈≈§#.#§§§≈#
........%).####
#§≈≈≈#.#≈§≈≈#
........%.....#
######.######
..............######....#
...............I@)(.....#
.......###..########....#
.......# #..# ####.#
....≈..# #..# #.#
.......# #..# #.#
.......# #..# #.#
.......# #..######### #.#
.......# #...<.(....# #.#
.......# #....[.....# #.#


You could see an ice beast.

Vanquished Creatures
  An orc warrior (D:6)
  A sky beast (D:6)
  A centaur (D:5)
  2 scorpions
  2 orc priests
  An iguana (D:6)
  3 orc wizards
  4 worker ants (D:4)
  8 adders
  An orc zombie (D:5)
  2 giant mites
  A shadow imp (D:5)
  A worm (D:5)
  An adder zombie (D:4)
  An iguana skeleton (D:6)
  A giant eyeball (D:5)
  8 giant geckos
  An ooze (D:2)
  16 orcs
  2 ball pythons
  4 giant cockroaches
  11 goblins
  7 hobgoblins
  10 jackals
  13 kobolds
  3 quokkas
  12 bats
  4 giant newts
  A hobgoblin skeleton (D:6)
  44 rats
167 creatures vanquished.

Notes
Turn   | Place    | Note
--------------------------------------------------------------
     0 | D:1      | staplegun, the Gargoyle Berserker, began the quest for the Orb.
     0 | D:1      | Reached XP level 1. HP: 14/14 MP: 1/1
   368 | D:1      | Reached XP level 2. HP: 19/19 MP: 2/2
   670 | D:2      | Reached XP level 3. HP: 16/23 MP: 3/3
   710 | D:2      | Reached skill level 4 in Maces & Flails
   782 | D:2      | Acquired Trog's second power
   782 | D:2      | Reached XP level 4. HP: 20/29 MP: 4/4
  1060 | D:2      | Found a shadowy altar of Dithmenos.
  1061 | D:2      | Found a radiant altar of Vehumet.
  1479 | D:3      | Reached XP level 5. HP: 33/33 MP: 5/5
  1562 | D:3      | Reached skill level 5 in Maces & Flails
  2465 | D:4      | Acquired Trog's third power
  2644 | D:4      | Reached XP level 6. HP: 30/39 MP: 6/6
  3007 | D:4      | Reached skill level 5 in Fighting
  3161 | D:5      | Entered Level 5 of the Dungeon
  3175 | D:5      | Reached XP level 7. HP: 18/44 MP: 7/7
  3183 | D:5      | Paralysed by a giant eyeball for 3 turns
  3190 | D:5      | Paralysed by a giant eyeball for 4 turns
  3198 | D:5      | Reached skill level 5 in Armour
  3227 | D:5      | Reached skill level 6 in Maces & Flails
  3613 | D:5      | Found a bloodstained altar of Trog.
  3945 | D:6      | Found a staircase to the Ecumenical Temple.
  4270 | D:6      | Reached XP level 8. HP: 33/51 MP: 8/8
  4279 | D:6      | Slain by an ice beast

Action                   |  1- 3 |  4- 6 |  7- 9 || total
-------------------------+-------+-------+-------++-------
Melee: Whip              |    79 |   412 |   262 ||   753
       Mace              |     6 |       |       ||     6
Invok: Berserk           |       |       |     3 ||     3
       Trog's Hand       |       |       |     3 ||     3
Evoke: Wand              |       |       |     1 ||     1
  Use: Scroll            |       |       |     1 ||     1
       Potion            |       |       |     1 ||     1
